 Dungeon Crawl Stone Soup version 0.29.1-15-g9cfb28693d (webtiles) character file.

Game seed: 18308780754282365338

59 PitcairnIslander the Sneak (level 3, -4/30 HPs)
             Began as a Draconian Brigand on Mar 21, 2023.
             Slain by a gnoll
             ... wielding a +0 club
              (5 damage)
             ... on level 3 of the Dungeon.
             The game lasted 00:03:24 (1333 turns).

PitcairnIslander the Sneak (Draconian Brigand)      Turns: 1333, Time: 00:03:24

Health: -4/30      AC:  6    Str: 15 (17) XL:     3   Next: 78%
Magic:  3/3        EV: 11    Int: 12      God:
Gold:   41         SH:  0    Dex: 10 (11) Spells: 3/3 levels left

rFire   . . .      SeeInvis .   a - +3 dagger
rCold   . . .      Faith    .   (no shield)
rNeg    . . .      Spirit   .   (body armour unavailable)
rPois   .          Reflect  .   (helmet restricted)
rElec   .          Harm     .   b - +0 cloak
rCorr   .          Rampage  .   (no gloves)
Will    .....                   (no boots)
Stlth   ++........              (no amulet)
HPRegen 0.10/turn               (no ring)
MPRegen 0.08/turn               (no ring)

@: unable to drink
A: AC +5, unfitting armour, cold-blooded, strong 1, inability to drink after
injury 1
a: no special abilities


You were on level 3 of the Dungeon.
You visited 1 branch of the dungeon, and saw 4 of its levels.

You collected 41 gold pieces.

Inventory:

Hand Weapons
 a - a +3 dagger (weapon)
Missiles
 d - 2 curare-tipped darts (quivered)
Armour
 b - a +0 cloak (worn)
Potions
 f - 2 potions of degeneration


   Skills:
 * Level 2.4 Fighting
 * Level 2.4 Short Blades
 * Level 2.1 Throwing
 * Level 1.2 Dodging
 * Level 4.4 Stealth
 * Level 0.6 Spellcasting


You had 3 spell levels left.
You didn't know any spells.
Your spell library contained the following spells:

 Spells                   Type           Power      Damage    Failure   Level
 Stone Arrow              Conj/Erth      0%         3d7       67%         3
 Lehudib's Crystal Spear  Conj/Erth      0%         10d2      100%        8
 Animate Armour           Summ/Erth      Unusable   N/A       N/A         4

Dungeon Overview and Level Annotations

Branches:
Dungeon (4/15)
 Temple: D:4-7

Altars:
Zin


Innate Abilities, Weirdness & Mutations

Your plain brown scales are hard. (AC +5)
You cannot fit into any form of body armour.
You are cold-blooded and may be slowed by cold attacks.
Your muscles are strong. (Str +4, Int/Dex -1)
You occasionally lose the ability to drink potions when taking damage.


Message History

Throw: 3 darts (curare)
Press: ? - help, Q - select action Shift-Dir - straight line, f/p - gnoll
Aim: a gnoll, wielding a +0 halberd (poisoned, 61% to hit)
You throw a curare-tipped dart.
The curare-tipped dart barely misses the gnoll.
The curare-tipped dart hits the jackal.
The jackal is poisoned.
The jackal convulses.
The jackal seems to slow down.
The jackal is moderately wounded.
The gnoll hits you with a +0 halberd.
The jackal barks!
You hit the gnoll.
The gnoll is moderately wounded.
You kill the jackal!
The gnoll hits you with a +0 halberd!
You hit the gnoll but do no damage.
Your tail-slap misses the gnoll.
The gnoll is moderately wounded.
The gnoll barely misses you.
You barely miss the gnoll.
The gnoll is moderately wounded.
The gnoll hits you with a +0 halberd.
You hit the gnoll.
The gnoll is severely wounded.
The gnoll looks more healthy.
The gnoll hits you with a +0 halberd!
* * * LOW HITPOINT WARNING * * *
The gnoll completely misses you. The gnoll closely misses you.
It was a potion of mutation.
You feel extremely strange.
You occasionally lose the ability to drink potions when taking damage.
You feel stronger. The gnoll closely misses you.
You hit the gnoll but do no damage.
The jackal bites you but does no damage.
The gnoll barely misses you. x2
You hit the gnoll.
The gnoll is lightly wounded.
The jackal bites you but does no damage.
The gnoll hits you with a +0 club.
You feel threatened and lose the ability to drink potions!
You die...

#. #.# #.## #.### <.... ....
..... #..# # ....(. #..#.#
......####..#<# ......gh@.....#
.###.#..g...### ### #.#.####.#
##.## #.#. #.####...## # #.#.#
##.........# .##.#### #.#.#
#...###.).#
.((()..#####.#.###.#.####.######
.##.##..gg.........#...........#
# #######<#.....#....#.###..#


You could see 2 gnolls and a jackal.

Vanquished Creatures
  A gnoll (D:3)
  3 adders
  A worm (D:2)
  A dart slug (D:1)
  3 endoplasms (D:1)
  A giant cockroach (D:1)
  A hobgoblin (D:1)
  A jackal (D:3)
  A quokka (D:1)
  3 ball pythons
  A bat (D:3)
  A kobold (D:1)
  3 rats
21 creatures vanquished.

Vanquished Creatures (others)
  A withered plant (D:4)
1 creature vanquished.

Grand Total: 22 creatures vanquished

Notes
Turn   | Place    | Note
-------+----------+-------------------------------------------
     0 | D:1      | PitcairnIslander the Draconian Brigand began the quest for
                  | the Orb.
     0 | D:1      | Reached XP level 1. HP: 17/17 MP: 1/1
   356 | D:1      | Reached skill level 1 in Dodging
   356 | D:1      | Reached skill level 4 in Stealth
   356 | D:1      | Reached XP level 2. HP: 24/24 MP: 2/2
   885 | D:2      | Found a glowing silver altar of Zin.
   897 | D:2      | Reached XP level 3. HP: 19/30 MP: 3/3
  1329 | D:3      | HP: 1/30 [gnoll/+0 halberd (12)]
  1331 | D:3      | Gained mutation: You occasionally lose the ability to drink
                  | potions when taking damage. [potion of mutation]
  1331 | D:3      | Gained mutation: Your muscles are strong. (Str +4, Int/Dex
                  | -1) [potion of mutation]
  1333 | D:3      | Slain by a gnoll

Illustrated notes

Levels and vault maps discovered:
D:1:      eino_arrival_cavern_d, layout_rooms, hangedman_decor_slide_cut
D:2:      layout_basic, basic_altar, dilly_ecumenical_altar_fadedgnrine,
          minmay_misc_feat_square, uniq_jessica, uniq_sigmund
D:3:      layout_loops_ring, mainiacjoe_overflow_concentric_impassable
D:4:      layout_loops_ring, kiku_gazebo_garden_becter, serial_shops, shop,
          shop, shop, nicolae_shop_stone, nicolae_shop_bloodbath_and_beyond,
          serial_co_window_serial, co_window_corner_a, co_window_paths_a,
          co_window_of_opportunity_a, co_window_corner_a, co_window_corner_a,
          co_window_corner_b, co_window_unsneaky_path_a, co_window_cross_4,
          co_window_corner_b, co_window_of_opportunity_b, co_window_4corner_b,
          glass_columns_b, glass_columns_a, glass_columns_a, glass_columns_a,
          minmay_misc_feat_room, chequers_serial_rivers_micro_a,
          kennysheep_generic_room_12, uniq_duvessa

Skill      XL: |  1  2 |
---------------+-------+-----
Dodging        | 1 |  1.2
Stealth        | 4 |  4.4
Throwing       | 2 |  2.1
Fighting       | |  2.4
Short Blades   | |  2.4
Spellcasting   | |  0.6

Action                   || total
-------------------------++-------
Melee: Dagger            ||    52
       Tailslap          ||     9
Throw: Dart              ||    23
  Use: Scroll            ||     4
       Potion            ||     3
 Stab: Sleeping          ||     3
Armor: Skin              ||    17
Dodge: Dodged            ||    39
